 Dungeon Crawl Stone Soup version 0.22-a0-369-gc73351f (webtiles) character file.

3 zero the Sneak (level 1, -2/9 HPs)
             Began as a Spriggan Enchanter on Apr 24, 2018.
             Slain by a kobold
             ... wielding a +0 short sword
              (3 damage)
             ... on level 1 of the Dungeon.
             The game lasted 00:00:40 (97 turns).

zero the Sneak (Spriggan Enchanter)                   Turns: 97, Time: 00:00:41

Health: -2/9       AC:  2    Str:  4    XL:     1   Next: 41%
Magic:  4/5        EV: 18    Int: 16    God:
Gold:   11         SH:  0    Dex: 16    Spells: 4/5 levels left

rFire    . . .     SeeInvis +   a - +1 dagger
rCold    . . .     Gourm    .   (shield restricted)
rNeg     . . .     Faith    .   b - +0 robe
rPois    .         Spirit   .   (helmet restricted)
rElec    .         Reflect  .   (no cloak)
rCorr    .         Harm     .   (gloves unavailable)
MR       .....                  (boots unavailable)
Stlth    +++.......             (no amulet)
HPRegen  0.03/turn              (no ring)
MPRegen  0.09/turn              (no ring)

@: very quick
A: very small, unfitting armour, see invisible, herbivore, speed 3, slow
metabolism 2
a: no special abilities


You were on level 1 of the Dungeon.
You were not hungry.

You visited 1 branch of the dungeon, and saw 2 of its levels.

You collected 11 gold pieces.

Inventory:

Hand Weapons
 a - a +1 dagger (weapon)
Armour
 b - a +0 robe (worn)
Scrolls
 e - a scroll of teleportation {unknown}
Comestibles
 d - a ration


   Skills:
 + Level 1.4 Short Blades
 - Level 3.0 Dodging
 + Level 4.6 Stealth
 - Level 2.6 Spellcasting
 - Level 3.6 Hexes


You had 4 spell levels left.
You knew the following spells:

 Your Spells              Type           Power        Failure   Level  Hunger
a - Corona                Hex            ##.....      4%          1    #......


Dungeon Overview and Level Annotations

Branches:
Dungeon (2/15)

Altars:


Innate Abilities, Weirdness & Mutations

You are very small and have problems with some larger weapons.
You are too small for most types of armour.
You have supernaturally acute eyesight. (SInv)
You are a herbivore.
You cover ground extremely quickly.
You need to consume almost no food.


Message History

Aiming: Corona (safe; 4% risk of failure)
Press: ? - help, Shift-Dir - straight line, f - bat
Aim: a bat (chance to defeat MR: 67%)
The bat is outlined in light.
The bat closely misses you. The bat barely misses you.
You hit the bat.
The bat is severely wounded.
The bat closely misses you. The bat barely misses you.
You hit the bat.
You kill the bat!
A gnoll comes into view.
Found a ration and a dagger.
The gnoll shouts!
You hear an angry hiss.
A frilled lizard comes into view.
Found a scroll labeled GUMOEV KEFOI.
The kobold shouts!
You see here 16 gold pieces.
You see here a scroll labeled DEOBUJ ZEUCI.
The kobold hits you with a short sword.
You die...

##### ##### #...# #..$#########
#...# #....h.r.s.###...#### #
##.#######.g.#......######
######.#########..............
#........h.h..K..(.......# #
#.#.#.PPg$.##@..........## #
#.P....%.?............# ###
#P....................# #..
?P..P.)P...............# #.#
..l.≈≈♣.................## #.#
....≈≈≈≈≈.............#K..###.#
....≈≈≈♣.P.....................
≈♣≈≈≈.............###..>...#
........g## ##K.#...


You could see 2 jackals and a kobold.

Vanquished Creatures
  A giant cockroach (D:1)
  A kobold (D:2)
  A bat (D:1)
3 creatures vanquished.

Notes
Turn   | Place    | Note
-------+----------+-------------------------------------------
     0 | D:1      | zero the Spriggan Enchanter began the quest for the Orb.
     0 | D:1      | Reached XP level 1. HP: 9/9 MP: 5/5
    97 | D:1      | Slain by a kobold

Vault maps used:
D:1:      dpeg_arrival_orchard, minivault_23, serial_bayou_pond_a
D:2:      first_ration

Action                   || total
-------------------------++-------
Melee: Dagger            ||     5
 Cast: Corona            ||     1
  Use: Scroll            ||     1
 Stab: Sleeping          ||     2
Armor: Robe              ||     2
Dodge: Dodged            ||    23

Table legend:
 A = Spawn XP
 B = Non-spawn XP
 C = Spawn XP percentage of total XP
 D = Spawn monster count
 E = Non-spawn monster count
 F = Spawn count percentage of total count
 G = Total turns spent on level
                    A         B        C        D         E        F      G
               +---------+---------+-------+---------+---------+-------+---------
         Total |       0 |       5 |   0.0 |       0 |       3 |   0.0 |    97
               +---------+---------+-------+---------+---------+-------+---------
           D:1 |       0 |       3 |   0.0 |       0 |       2 |   0.0 |    87
           D:2 |       0 |       2 |   0.0 |       0 |       1 |   0.0 |    10
               +---------+---------+-------+---------+---------+-------+---------
